 Dungeon Sprint DCSS version 0.31-a0-369-g8eba5f6939 (webtiles) character file.

Game seed: 6369001142229178817

19223 rocky1 the Brawler (level 12, -2/116 HPs)
             Began as a Red Draconian Shapeshifter on July 28, 2023.
             Was the Champion of Cheibriados.
             Slain by a deep troll earth mage (19 damage)
             ... in the Dungeon (Sprint IX: "|||||||||||||||||||||||||||||").
             The game lasted 00:12:18 (3317 turns).

rocky1 the Brawler (Red Draconian Shapeshifter)     Turns: 3317, Time: 00:12:19

Health: -2/116     AC: 12    Str: 33    XL:     12   Next: 34%
Magic:  4/20       EV: 21    Int: 24    God:    Cheibriados [******]
Gold:   1365       SH:  0    Dex: 31    Spells: 11/11 levels left

rFire   + .          .
                       - Unarmed
rCold   . . .        (no shield)
rNeg    . . .        (body armour unavailable)
rPois   .            (helmet currently unavailable)
rElec   .            (cloak currently unavailable)
rCorr   .            (gloves currently unavailable)
SInv    .            (boots currently unavailable)
Will    .....        (no amulet)
Stlth   ++++++       q - +4 ring of protection
HPRegen 0.39/turn    (no ring)
MPRegen 0.17/turn

%: no teleportation
@: beast-form, very slow
A: beast (slay +7), breathe fire, AC +8, unfitting armour, fire resistance 1,
cold-blooded
a: Breathe Fire, Begin Untransformation, Renounce Religion, Bend Time, Temporal
Distortion, Slouch, Step From Time


You were in the Dungeon.
You worshipped Cheibriados.
Cheibriados was exalted by your worship.
You were a hulking beast.
You visited 1 branch You collected 1925 gold pieces.
You spent 560 gold pieces at shops.

Inventory:

Armour
 s - a +0 pair of boots
 t - a +0 pair of gloves
 v - a +0 cloak
 z - a +1 pair of gloves
Magical Staves
 r - a staff of conjuration
Jewellery
 l - a +2 ring of protection
 m - a +3 ring of strength
 q - a +4 ring of protection (left hand)
 w - a ring of poison resistance
 x - a ring of see invisible
 y - a ring of protection from cold
Talismans
 b - a beast talisman
 k - a serpent talisman
Wands
 j - a wand of roots (10)
 u - a wand of mindburst (17)
Scrolls
 h - 4 scrolls of blinking
 i - 2 scrolls of amnesia
 n - 4 scrolls of identify
 o - 2 scrolls of fog
 p - 2 scrolls of fear
 B - 2 scrolls of enchant weapon
Potions
 a - a potion of lignification
 c - 7 potions of curing
 d - 3 potions of heal wounds
 e - 3 potions of haste
 f - 3 potions of magic
 g - 5 potions of might
 A - a potion of brilliance


   Skills:
 + Level 13.9 Fighting
 - Level 8.2 Dodging
 - Level 10.8 Stealth
 + Level 20.1 Unarmed Combat
 - Level 0.3 Spellcasting
 - Level 11.7 Invocations
 + Level 12.2 Shapeshifting


You had 11 spell levels left.
You didn't know any spells.
Your spell library was empty.

Dungeon Overview and Level Annotations

Branches:
Dungeon (1/1)

Altars:
Cheibriados
Dithmenos
Elyvilon
Fedhas
Gozag
Hepliaklqana
Kikubaaqudgha
Makhleb
Nemelex Xobeh
Okawaru
Qazlal
Ru
Sif Muna
Trog
Uskayaw
Vehumet
Wu Jian
Xom
Yredelemnul
Zin
The Shining One
Jiyva
Lugonu

Shops:
D (((=


Innate Abilities, Weirdness & Mutations

You are a hulking beast.
Your limbs bulge with bestial killing power. (Slay +7)
You can breathe blasts of fire.
Your fiery red scales are hard. (AC +8)
You cannot fit into any form of body armour.
Your flesh is heat resistant. (rF+)
You are cold-blooded and may be slowed by cold attacks.


Message History

You tail-slap the deep troll earth mage, but do no damage.
You punch the deep troll earth mage!
The deep troll earth mage is lightly wounded.
The deep troll earth mage gestures next to you while chanting.
The wall shatters!
The blast of rock fragments hits you!
* * * LOW HITPOINT WARNING * * *
The deep troll earth mage gestures next to you while chanting.
The wall shatters!
The blast of rock fragments hits you!
* * * LOW HITPOINT WARNING * * *
The deep troll earth mage closely misses you.
The deep troll earth mage barely misses you. x2
Activating: Slouch (1% risk of failure)
Press: ? - help, Dir - look around, f - activate You can feel time thicken for a moment.
You kill the deep troll earth mage!
The deep troll earth mage's corpse shimmers and vanishes!
The deep troll earth mage barely misses you.
The deep troll earth mage claws you.
* * * LOW HITPOINT WARNING * * *
The deep troll earth mage claws you!
* * * LOW HITPOINT WARNING * * *
Unknown command.
Activating: Slouch (1% risk of failure)
Press: ? - help, Dir - look around, f - activate
Okay, then.
You feel much better. The deep troll earth mage bites you.
* * * LOW HITPOINT WARNING * * *
The deep troll earth mage claws you!
* * * LOW HITPOINT WARNING * * *
The deep troll earth mage claws you but does no damage.
Unknown command.
Okay, then.
You remove your +2 ring of protection.
Unknown command.
Activating: Slouch (1% risk of failure)
Press: ? - help, Dir - look around, f - activate You can feel time thicken for a moment.
The injured rakshasa weaves a defensive illusion!
The deep troll earth mage bites you!!
You die...

▓.▓.▓'▓.▓.▓.▓_▓
▓.▓.▓)▓.▓'▓.▓'▓
▓'▓.▓.▓.▓†▓.▓.▓
▓)▓.▓)▓.▓†▓.▓.▓
▓)▓.▓)▓.▓÷▓.▓)▓
▓(▓.▓)▓.▓.▓.▓.▓
▓[▓.▓∩▓.▓.▓.▓.▓
▓)▓.▓.▓.▓.▓.▓[▓
▓h▓.▓∩▓.▓.▓.▓[▓
▓T▓.▓.▓.▓.▓.▓.▓
▓R▓.▓∩▓.▓.▓.▓.▓
▓R▓.▓.▓.▓.▓.▓'▓
▓C▓.▓∩▓.▓.▓.▓)▓
▓Q▓.▓)▓.▓)▓.▓)▓
▓.▓.▓)▓.▓'▓.▓.▓
▓.▓.▓)▓.▓.▓.▓.▓
▓.▓)▓.▓.▓.▓.▓


You could see an ettin, 2 rakshasas, a tengu warrior and a deep troll earth
mage.

Vanquished Creatures
  An ice dragon (D)
  2 hydras (D)
  3 centaur warriors (D)
  A boulder beetle (D)
  A vampire mage (D)
  8 orc high priests (D)
  A glowing orange brain (D)
  A deep elf pyromancer (D)
  4 lindwurms (D)
  A manticore (D)
  A cyclops (D)
  Maurice (D)
  A black mamba (D)
  Joseph (D)
  A gargoyle (D)
  2 cane toads (D)
  An efreet (D)
  A rime drake (D)
  3 komodo dragons (D)
  A blink frog (D)
  A tyrant leech (D)
  A slime creature (D)
  A wraith (D)
  A wyvern (D)
  A yak (D)
  Eustachio (D)
  A basilisk (D)
  A vampire mosquito (D)
  An acid dragon (D)
  4 water moccasins (D)
  11 orc warriors (D)
  An ogre (D)
  A wolf (D)
  A centaur (D)
  2 bullfrogs (D)
  A scorpion (D)
  5 orc priests (D)
  An iguana (D)
  6 orc wizards (D)
  A hell rat (D)
  An ufetubus (D)
  3 worms (D)
  10 orcs (D)
  2 hobgoblins (D)
  A quokka (D)
  A ball python simulacrum (D)
  A frilled lizard (D)
  A kobold (D)
99 creatures vanquished.

Vanquished Creatures (others)
  An orc wizard (D)
1 creature vanquished.

Grand Total: 100 creatures vanquished

Notes
Turn   | Place    | Note
-------+----------+-------------------------------------------
     0 | D        | rocky1 the Draconian Shapeshifter began the quest for the
                  | Orb.
     0 | D        | Reached XP level 1. HP: 16/16 MP: 1/1
   265 | D        | Noticed an ogre
   265 | D        | Noticed a scorpion
   265 | D        | Noticed an iguana
   269 | D        | Killed an ogre
   270 | D        | Reached skill level 5 in Unarmed Combat
   270 | D        | Reached skill level 5 in Shapeshifting
   270 | D        | Reached XP level 2. HP: 23/23 MP: 2/2
   270 | D        | Reached XP level 3. HP: 28/28 MP: 3/3
   270 | D        | Reached XP level 4. HP: 35/35 MP: 4/4
   270 | D        | Killed a scorpion
   271 | D        | Reached skill level 6 in Unarmed Combat
   271 | D        | Reached XP level 5. HP: 40/40 MP: 5/5
   274 | D        | Reached skill level 7 in Unarmed Combat
   283 | D        | Found a snail-covered altar of Cheibriados.
   283 | D        | Found a shadowy altar of Dithmenos.
   283 | D        | Found a white marble altar of Elyvilon.
   283 | D        | Found a blossoming altar of Fedhas.
   283 | D        | Found an opulent altar of Gozag.
   284 | D        | Found a hazy altar of Hepliaklqana.
   285 | D        | Found a viscous altar of Jiyva.
   286 | D        | Found an ancient bone altar of Kikubaaqudgha.
   287 | D        | Found a corrupted altar of Lugonu.
   288 | D        | Found a burning altar of Makhleb.
   289 | D        | Found a sparkling altar of Nemelex Xobeh.
   290 | D        | Found an iron altar of Okawaru.
   295 | D        | Became a worshipper of Cheibriados the Contemplative
   417 | D        | Found a stormy altar of Qazlal.
   418 | D        | Found a sacrificial altar of Ru.
   419 | D        | Found a shimmering blue altar of Sif Muna.
   420 | D        | Found a bloodstained altar of Trog.
   421 | D        | Found a hide-covered altar of Uskayaw.
   422 | D        | Found a radiant altar of Vehumet.
   423 | D        | Found an ornate altar of the Wu Jian Council.
   424 | D        | Found a shimmering altar of Xom.
   425 | D        | Found a basalt altar of Yredelemnul.
   426 | D        | Found a glowing silver altar of Zin.
   427 | D        | Found a glowing golden altar of the Shining One.
   556 | D        | Noticed a vampire mosquito
   556 | D        | Noticed a wyvern
   556 | D        | Noticed an orc warrior
   556 | D        | Noticed an acid dragon
   556 | D        | Noticed a centaur
   565 | D        | Killed a vampire mosquito
   566 | D        | Reached skill level 1 in Stealth
   566 | D        | Reached skill level 8 in Unarmed Combat
   566 | D        | Reached XP level 6. HP: 32/47 MP: 6/6
   568 | D        | Killed a wyvern
   568 | D        | Reached * piety under Cheibriados
   569 | D        | Reached skill level 9 in Unarmed Combat
   573 | D        | Killed an orc warrior
   577 | D        | Killed an acid dragon
   577 | D        | Reached ** piety under Cheibriados
   578 | D        | Your scales start taking on a fiery red colour.
   578 | D        | Reached XP level 7. HP: 39/53 MP: 6/9
   578 | D        | Gained mutation: Your flesh is heat resistant. (rF+) [Red
                  | Draconian growth]
   581 | D        | Reached skill level 5 in Dodging
   586 | D        | Noticed a wraith
   586 | D        | Noticed a boulder beetle
   586 | D        | Noticed a gargoyle
   586 | D        | Noticed a basilisk
   586 | D        | Noticed a five-headed hydra
   586 | D        | Noticed an efreet
   590 | D        | Killed a wraith
   591 | D        | Reached skill level 10 in Unarmed Combat
   594 | D        | Killed a gargoyle
   595 | D        | Reached skill level 5 in Stealth
   595 | D        | Reached skill level 5 in Invocations
   595 | D        | Reached XP level 8. HP: 22/61 MP: 9/12
   597 | D        | Killed a five-headed hydra
   597 | D        | Reached *** piety under Cheibriados
   598 | D        | Reached skill level 11 in Unarmed Combat
   598 | D        | Reached skill level 10 in Shapeshifting
   607 | D        | Killed a boulder beetle
   608 | D        | Reached skill level 12 in Unarmed Combat
   608 | D        | Reached XP level 9. HP: 35/69 MP: 10/14
   609 | D        | Reached **** piety under Cheibriados
   613 | D        | Killed an efreet
  1018 | D        | Noticed a cane toad
  1018 | D        | Noticed a cane toad
  1022 | D        | Reached ***** piety under Cheibriados
  1023 | D        | Reached skill level 13 in Unarmed Combat
  1027 | D        | Noticed a black mamba
  1027 | D        | Killed a cane toad
  1031 | D        | Killed a cane toad
  1037 | D        | Killed a black mamba
  1037 | D        | Reached ****** piety under Cheibriados
  1038 | D        | Reached XP level 10. HP: 45/78 MP: 15/17
  1042 | D        | Reached skill level 14 in Unarmed Combat
  1358 | D        | Noticed a five-headed hydra
  1362 | D        | Killed a five-headed hydra
  1363 | D        | Reached skill level 10 in Invocations
  1370 | D        | Reached skill level 10 in Stealth
  1373 | D        | Reached skill level 15 in Unarmed Combat
  1760 | D        | Noticed a lindwurm
  1760 | D        | Noticed a lindwurm
  1760 | D        | Noticed a lindwurm
  1763 | D        | Killed a lindwurm
  1767 | D        | Noticed a lindwurm
  1774 | D        | Killed a lindwurm
  1775 | D        | Reached skill level 5 in Fighting
  1779 | D        | Reached skill level 16 in Unarmed Combat
  1781 | D        | Killed a lindwurm
  1787 | D        | Killed a lindwurm
  1788 | D        | Reached XP level 11. HP: 28/88 MP: 16/19
  2202 | D        | Noticed Eustachio
  2211 | D        | Killed Eustachio
  2230 | D        | Noticed Joseph
  2239 | D        | Killed Joseph
  2292 | D        | Reached skill level 17 in Unarmed Combat
  2705 | D        | Found Cacarchor's Antique Weapon Emporium.
  2705 | D        | Noticed an orc high priest
  2705 | D        | Noticed an orc high priest
  2705 | D        | Noticed an orc high priest
  2710 | D        | Killed an orc high priest
  2716 | D        | Noticed a sun demon
  2716 | D        | Killed an orc high priest
  2717 | D        | Found Plog's Antique Weapon Shoppe.
  2717 | D        | Noticed an orc high priest
  2721 | D        | Reached skill level 18 in Unarmed Combat
  2722 | D        | Noticed an orc high priest
  2723 | D        | Killed an orc high priest
  2723 | D        | Killed an orc high priest
  2724 | D        | Reached skill level 10 in Fighting
  2725 | D        | Found Bucor's Antique Weapon Emporium.
  2726 | D        | Killed an orc high priest
  2729 | D        | Found Puiryedupn's Jewellery Shoppe.
  2731 | D        | Noticed an orc high priest
  2732 | D        | Noticed an orc high priest
  2733 | D        | Noticed an orc high priest
  2739 | D        | Killed an orc high priest
  2739 | D        | Killed an orc high priest
  2740 | D        | Reached skill level 19 in Unarmed Combat
  2742 | D        | Killed an orc high priest
  3120 | D        | Bought a serpent talisman for 560 gold pieces
  3176 | D        | Noticed Maurice
  3183 | D        | Killed Maurice
  3287 | D        | Noticed a deep elf pyromancer
  3287 | D        | Noticed a centaur warrior
  3287 | D        | Noticed a centaur warrior
  3287 | D        | Noticed a centaur warrior
  3289 | D        | Killed a deep elf pyromancer
  3292 | D        | Reached XP level 12. HP: 93/113 MP: 20/20
  3292 | D        | Noticed an ice dragon
  3294 | D        | Killed a centaur warrior
  3294 | D        | Killed a centaur warrior
  3294 | D        | Killed a centaur warrior
  3300 | D        | Noticed a vampire mage
  3303 | D        | Killed an ice dragon
  3304 | D        | Reached skill level 20 in Unarmed Combat
  3308 | D        | Noticed a deep troll earth mage
  3308 | D        | Noticed a rakshasa
  3311 | D        | Killed a vampire mage
  3312 | D        | Noticed an ettin
  3312 | D        | Noticed a tengu warrior
  3314 | D        | HP: 4/116 [deep troll earth mage (8)]
  3317 | D        | Slain by a deep troll earth mage

Illustrated notes

Levels and vault maps discovered:
D:        linesprint [early_d, line_temple, items_1, d_10, items_2, lair_1,
          lair_end, items_3, orc_1, orc_end, items_4, d_15, swamp_1, shoals_1,
          snake_1, spider_1, d_20, vaults_1, items_5, swamp_end, shoals_end,
          snake_end, spider_end, vaults_end, d_27, items_6, zot_1, zot_end,
          crypt_end, forest_end, elf_end, slime_end, tomb_end, abyss_end,
          pan_hell_end]

Skill      XL: |  1  2  3  4  5  6  7  8  9 10 11 12 |
---------------+-------------------------------------+-----
Dodging        | 3 4 5 6 8 |  8.2
Unarmed Combat | 5 6 8 9 10 12 13 16 19 20 | 20.1
Shapeshifting  | 5 6 8 9 10 11 12 | 12.2
Stealth        | 1 3 5 7 9 10 | 10.8
Invocations    | 3 5 7 9 11 | 11.7
Fighting       | 2 3 5 12 13 | 13.9
Spellcasting   | |  0.3

Action                     |  1- 3 |  4- 6 |  7- 9 | 10-12 || total
---------------------------+-------+-------+-------+-------++-------
  Melee: Unarmed           |    21 |    26 |    40 |   144 ||   231
         Tailslap          |     2 |     4 |    11 |    19 ||    36
         Punch             |       |       |     4 |    10 ||    14
 Invoke: Slouch            |       |       |       |    12 ||    12
Ability: Breathe Fire      |       |       |     1 |     1 ||     2
    Use: Potion            |     1 |     1 |     1 |     4 ||     7
         Scroll            |       |       |     1 |       ||     1
   Stab: Invisible         |       |     6 |     1 |       ||     7
         Sleeping          |       |       |       |     4 ||     4
         Distracted        |       |       |       |     1 ||     1
 Armour: Skin              |     2 |     4 |     5 |    21 ||    32
  Dodge: Dodged            |     7 |    18 |    28 |   112 ||   165

Table legend: (Time is in decaauts)
 A = Elapsed time spent in this place.
 B = Non-inter-level travel time spent in this place.
 C = Inter-level travel time spent in this place.
 D = Time resting spent in this place.
 E = Time spent auto-exploring this place.
 F = Levels seen in this place.
 G = Mean time per level.
                   A        B        C        D        E       F      G
               +--------+--------+--------+--------+--------+-----+--------+
         Total |   3844 |   3844 |      0 |   2308 |      0 |   1 | 3844.0 |
       Dungeon |   3844 |   3844 |      0 |   2308 |      0 |   1 | 3844.0 |
               +--------+--------+--------+--------+--------+-----+--------+

Top non-repeatable levels by time:
       D: 3844 daAuts
